TOP OF THE 1ST |
Otsego Bulldogs batting - Pitching for Trenton Stars : LHP Luis Guevara
|
Pitching: LHP Luis Guevara
|
|
Batting: RHB Jim Beck
|
0-0: Ball 1-0: Ground out 1-3 (Groundball, 25)
|
Batting: RHB Felipe Rego
|
0-0: Ball 1-0: Ball 2-0: Ball 3-0: Called Strike 3-1: Base on Balls
|
Batting: LHB George Wood
|
0-0: Foul Ball, location: 2F 0-1: DOUBLE (Flyball, 7D) Felipe Rego to third
|
Batting: RHB Cristo García
|
0-0: Ball 1-0: Fly out, F8 (Flyball, 89D) Runner from 3rd tags up, SCORES, no throw George Wood to third
|
Batting: LHB Mario Cornelo
|
0-0: Called Strike 0-1: Swinging Strike 0-2: Ball 1-2: Ball 2-2: SINGLE (Line Drive, 6MD) George Wood scores
|
Batting: RHB Juan Pérez
|
0-0: Called Strike Pickoff Throw to First - Error! E1 Mario Cornelo to second 0-1: Ball 1-1: Fly out, F9 (Flyball, 9M)
|
Top of the 1st over - 2 run(s), 2 hit(s), 1 error(s), 1 left on base; Otsego 2 - Trenton 0 |
BOTTOM OF THE 1ST |
Trenton Stars batting - Pitching for Otsego Bulldogs : RHP Juan Moreno
|
Pitching: RHP Juan Moreno
|
|
Batting: LHB Felipe Guerrero
|
0-0: Called Strike 0-1: Ball 1-1: Ball 2-1: Ground out 6-3 (Groundball, 6)
|
Batting: RHB Kenji Murayama
|
0-0: Ball 1-0: Ball 2-0: Called Strike 2-1: Foul Ball, location: 2F 2-2: Foul Ball, location: 2F 2-2: SINGLE (Groundball, 56)
|
Batting: RHB Chris Cole
|
0-0: DOUBLE (Line Drive, 89S) Kenji Murayama to third
|
Batting: LHB Alonzo Medine
|
0-0: Called Strike 0-1: Foul Ball, location: 2F 0-2: Strikes out swinging
|
Batting: LHB Alberto Gómez
|
0-0: Ball 1-0: Ball 2-0: Swinging Strike 2-1: Ground out 4-3 (Groundball, 4M)
|
Bottom of the 1st over - 0 run(s), 2 hit(s), 0 error(s), 2 left on base; Otsego 2 - Trenton 0 |
TOP OF THE 2ND |
Otsego Bulldogs batting - Pitching for Trenton Stars : LHP Luis Guevara
|
Batting: RHB Raúl Bauza
|
0-0: Called Strike 0-1: Ball 1-1: Foul Ball, location: 2F 1-2: SOLO HOME RUN (Flyball, 89XD), Distance : 409 ft
|
Batting: RHB José Martínez
|
0-0: SINGLE (Flyball, 9LS)
|
Batting: LHB Martin Davis
|
0-0: Ball 1-0: Foul Ball, location: 2F 1-1: Foul Ball, location: 2F 1-2: Strikes out swinging
|
Batting: RHB Jim Beck
|
0-0: Ball 1-0: Foul Ball, location: 2F 1-1: 2-RUN HOME RUN (Flyball, 7D), Distance : 366 ft
|
Batting: RHB Felipe Rego
|
0-0: Ball 1-0: Ball 2-0: Ball 3-0: Base on Balls
|
Batting: LHB George Wood
|
0-0: Swinging Strike 0-1: DOUBLE (Line Drive, 9LM) Felipe Rego to third Runner from 3rd tries for Home, SAFE, throw made home
|
Batting: RHB Cristo García
|
0-0: Ball 1-0: Foul Ball, location: 2F 1-1: Swinging Strike 1-2: SINGLE (Line Drive, 34) George Wood to third
|
Batting: LHB Mario Cornelo
|
0-0: Ball 1-0: Ball 2-0: Ball 3-0: Base on Balls Cristo García to second
|
Pitching: RHP Alfredo Ruíz
|
|
Batting: RHB Juan Pérez
|
0-0: Foul Ball, location: 2F 0-1: Foul Ball, location: 2F 0-2: Foul Ball, location: 2F 0-2: SINGLE (Flyball, 89S) George Wood scores Cristo García to third Mario Cornelo to second
|
Batting: RHB Raúl Bauza
|
0-0: Ball 1-0: Called Strike 1-1: Foul Ball, location: 2F 1-2: Foul Ball, location: 2F 1-2: Foul Ball, location: 2F 1-2: Foul Ball, location: 2F 1-2: Fielders Choice at 2nd, 6-4 (Groundball, 6) Cristo García scores Mario Cornelo to third
|
Batting: RHB José Martínez
|
0-0: Ball 1-0: Called Strike 1-1: Swinging Strike 1-2: Foul Ball, location: 2F 1-2: Strikes out swinging
|
Top of the 2nd over - 6 run(s), 6 hit(s), 0 error(s), 2 left on base; Otsego 8 - Trenton 0 |
BOTTOM OF THE 2ND |
Trenton Stars batting - Pitching for Otsego Bulldogs : RHP Juan Moreno
|
Batting: LHB Ju-wei Shiu
|
0-0: Ball 1-0: Ground out U3 (Groundball, 3S)
|
Batting: RHB Rafael Canales
|
0-0: Called Strike 0-1: Foul Ball, location: 2F 0-2: Strikes out swinging
|
Batting: RHB Nick Bowman
|
0-0: Ball 1-0: Foul Ball, location: 2F 1-1: Ball 2-1: Swinging Strike 2-2: Foul Ball, location: 2F 2-2: Ball 3-2: Strikes out looking
|
Bottom of the 2nd over - 0 run(s), 0 hit(s), 0 error(s), 0 left on base; Otsego 8 - Trenton 0 |
TOP OF THE 3RD |
Otsego Bulldogs batting - Pitching for Trenton Stars : RHP Alfredo Ruíz
|
Batting: LHB Martin Davis
|
0-0: Ball 1-0: Ball 2-0: Swinging Strike 2-1: Ball 3-1: Base on Balls
|
Batting: RHB Jim Beck
|
0-0: Ball 1-0: Ball 2-0: Called Strike 2-1: Called Strike 2-2: DOUBLE (Line Drive, 7LD) Martin Davis to third Runner from 3rd tries for Home, SAFE, no throw or cutoff
|
Batting: RHB Felipe Rego
|
0-0: Called Strike 0-1: Ball 1-1: Fly out, F9 (Flyball, 89M)
|
Batting: LHB George Wood
|
0-0: Ball 1-0: SINGLE (Flyball, 8RS) Jim Beck to third Runner from 3rd tries for Home, SAFE, throw made home George Wood to second
|
Batting: RHB Cristo García
|
0-0: Called Strike 0-1: Ball 1-1: SINGLE (Groundball, 15S) (infield hit) George Wood to third
|
Batting: LHB Mario Cornelo
|
0-0: Ball 1-0: Foul Ball, location: 2F 1-1: Foul Ball, location: 2F 1-2: Ball 2-2: Fly out, F6 (Popup, 78S)
|
Batting: RHB Juan Pérez
|
0-0: Ball Wild Pitch! George Wood scores Cristo García to second 1-0: Ground out 4-3 (Groundball, 4)
|
Top of the 3rd over - 3 run(s), 3 hit(s), 0 error(s), 1 left on base; Otsego 11 - Trenton 0 |
BOTTOM OF THE 3RD |
Trenton Stars batting - Pitching for Otsego Bulldogs : RHP Juan Moreno
|
Batting: SHB Rafael Villa
|
0-0: Ball 1-0: Swinging Strike 1-1: Called Strike 1-2: Foul Ball, location: 2F 1-2: Strikes out swinging
|
Batting: LHB Felipe Guerrero
|
0-0: Ball 1-0: Called Strike 1-1: Ball 2-1: SINGLE (Line Drive, 56)
|
Batting: RHB Kenji Murayama
|
0-0: Foul Ball, location: 2F 0-1: Fly out, F4 (Popup, 4D)
|
Batting: RHB Chris Cole
|
0-0: Fly out, F9 (Flyball, 89M)
|
Bottom of the 3rd over - 0 run(s), 1 hit(s), 0 error(s), 1 left on base; Otsego 11 - Trenton 0 |
TOP OF THE 4TH |
Otsego Bulldogs batting - Pitching for Trenton Stars : RHP Alfredo Ruíz
|
Batting: RHB Raúl Bauza
|
0-0: Fly out, F4 (Popup, 4D)
|
Batting: RHB José Martínez
|
0-0: Ball 1-0: Ball 2-0: Called Strike 2-1: Swinging Strike 2-2: Strikes out looking
|
Batting: LHB Martin Davis
|
0-0: Ground out 4-3 (Groundball, 4MS)
|
Top of the 4th over - 0 run(s), 0 hit(s), 0 error(s), 0 left on base; Otsego 11 - Trenton 0 |
BOTTOM OF THE 4TH |
Trenton Stars batting - Pitching for Otsego Bulldogs : RHP Juan Moreno
|
Batting: LHB Alonzo Medine
|
0-0: Ball 1-0: Foul Ball, location: 2F 1-1: Foul Ball, location: 2F 1-2: Fly out, F2 (Popup, 2LF)
|
Batting: LHB Alberto Gómez
|
0-0: Ball 1-0: Ball 2-0: Called Strike 2-1: Swinging Strike 2-2: Ball 3-2: Foul Ball, location: 2F 3-2: Strikes out swinging
|
Batting: LHB Ju-wei Shiu
|
0-0: Ball 1-0: Ball 2-0: SINGLE (Groundball, 4M)
|
Batting: RHB Rafael Canales
|
0-0: SINGLE (Flyball, 7S) Ju-wei Shiu to second
|
Batting: RHB Nick Bowman
|
0-0: Swinging Strike 0-1: Foul Ball, location: 2F 0-2: Ball 1-2: Foul Ball, location: 2F 1-2: Ground out 5-3 (Groundball, 56S)
|
Bottom of the 4th over - 0 run(s), 2 hit(s), 0 error(s), 2 left on base; Otsego 11 - Trenton 0 |
TOP OF THE 5TH |
Otsego Bulldogs batting - Pitching for Trenton Stars : RHP Alfredo Ruíz
|
Pitching: LHP Michael Puckett
|
|
Batting: RHB Jim Beck
|
0-0: Ball 1-0: Swinging Strike 1-1: Ball 2-1: Swinging Strike 2-2: Ground out 6-3 (Groundball, 6)
|
Batting: RHB Felipe Rego
|
0-0: Ball 1-0: Called Strike 1-1: Ball 2-1: Ball 3-1: Fly out, F3 (Popup, 3SF)
|
Batting: LHB George Wood
|
0-0: Ball 1-0: Ball 2-0: Called Strike 2-1: TRIPLE (Groundball, 3L)
|
Batting: RHB Cristo García
|
0-0: Ball 1-0: Fly out, F9 (Line Drive, 89D)
|
Top of the 5th over - 0 run(s), 1 hit(s), 0 error(s), 1 left on base; Otsego 11 - Trenton 0 |
BOTTOM OF THE 5TH |
Trenton Stars batting - Pitching for Otsego Bulldogs : RHP Juan Moreno
|
Batting: SHB Rafael Villa
|
0-0: Called Strike 0-1: Swinging Strike 0-2: Ball 1-2: Ball 2-2: Ground out U3 (Groundball, 3S)
|
Batting: LHB Felipe Guerrero
|
0-0: Ball 1-0: Called Strike 1-1: Called Strike 1-2: Strikes out swinging
|
Batting: RHB Kenji Murayama
|
0-0: Called Strike 0-1: Foul Ball, location: 2F 0-2: Strikes out swinging
|
Bottom of the 5th over - 0 run(s), 0 hit(s), 0 error(s), 0 left on base; Otsego 11 - Trenton 0 |
TOP OF THE 6TH |
Otsego Bulldogs batting - Pitching for Trenton Stars : LHP Michael Puckett
|
Batting: LHB Mario Cornelo
|
0-0: Called Strike 0-1: Ball 1-1: Foul Ball, location: 2F 1-2: Strikes out swinging
|
Batting: RHB Juan Pérez
|
0-0: Ball 1-0: Called Strike 1-1: Foul Ball, location: 2F 1-2: Hit by Pitch
|
Batting: RHB Raúl Bauza
|
0-0: Ball 1-0: Ball 2-0: Ball 3-0: Called Strike 3-1: DOUBLE (Line Drive, 78D) Juan Pérez to third
|
Batting: RHB José Martínez
|
0-0: Called Strike 0-1: Ball 1-1: Ball 2-1: Foul Ball, location: 2F 2-2: Ball 3-2: Base on Balls
|
Batting: LHB Martin Davis
|
0-0: Ball 1-0: Called Strike 1-1: Foul Ball, location: 2F 1-2: Strikes out looking
|
Batting: RHB Jim Beck
|
0-0: Ground out 5-3 (Groundball, 5L)
|
Top of the 6th over - 0 run(s), 1 hit(s), 0 error(s), 3 left on base; Otsego 11 - Trenton 0 |
BOTTOM OF THE 6TH |
Trenton Stars batting - Pitching for Otsego Bulldogs : RHP Juan Moreno
|
Batting: RHB Chris Cole
|
0-0: Called Strike 0-1: Foul Ball, location: 2F 0-2: Foul Ball, location: 2F 0-2: Ball 1-2: Ball 2-2: SINGLE (Groundball, 6MD)
|
Batting: LHB Alonzo Medine
|
0-0: Swinging Strike 0-1: SINGLE (Line Drive, 89S) Chris Cole to second Chris Cole to third
|
Batting: LHB Alberto Gómez
|
0-0: Ball 1-0: Called Strike 1-1: SINGLE (Groundball, 4MD) Chris Cole scores Alonzo Medine to second
|
Batting: LHB Ju-wei Shiu
|
0-0: Foul Ball, location: 2F 0-1: Foul Ball, location: 2F 0-2: Ball 1-2: Fly out, F8 (Flyball, 8LXD) Runner from 2nd tags up, SAFE at 3rd, no throw
|
Batting: RHB Rafael Canales
|
0-0: Swinging Strike 0-1: Swinging Strike 0-2: Foul Ball, location: 2F 0-2: Strikes out swinging
|
Batting: RHB Nick Bowman
|
0-0: DOUBLE (Line Drive, 7LM) Alonzo Medine scores Alberto Gómez to third
|
Batting: SHB Rafael Villa
|
0-0: SINGLE (Line Drive, 89S) Alberto Gómez scores Nick Bowman to third
|
Batting: LHB Felipe Guerrero
|
0-0: Ball 1-0: Called Strike 1-1: Fielders Choice at 2nd, 6-4 (Groundball, 6)
|
Bottom of the 6th over - 3 run(s), 5 hit(s), 0 error(s), 1 left on base; Otsego 11 - Trenton 3 |
TOP OF THE 7TH |
Otsego Bulldogs batting - Pitching for Trenton Stars : LHP Michael Puckett
|
Batting: RHB Felipe Rego
|
0-0: Foul Ball, location: 2F 0-1: Swinging Strike 0-2: SINGLE (Groundball, 15S) (infield hit)
|
Pitching: RHP Gilberto Martínez
|
|
Batting: LHB George Wood
|
0-0: Ball 1-0: DOUBLE (Flyball, 78D) Felipe Rego to third
|
Batting: RHB Cristo García
|
0-0: Foul Ball, location: 2F 0-1: Swinging Strike 0-2: Ball 1-2: Foul Ball, location: 2F 1-2: Ball 2-2: Strikes out swinging
|
Batting: LHB Mario Cornelo
|
0-0: Ball 1-0: Called Strike 1-1: SINGLE (Flyball, 6MD) Felipe Rego scores George Wood to third Runner from 3rd tries for Home, SAFE, no throw or cutoff
|
Batting: RHB Juan Pérez
|
0-0: Called Strike 0-1: Swinging Strike 0-2: Ball 1-2: Fielders Choice at 2nd, 6-4 (Groundball, 6)
|
Batting: RHB Raúl Bauza
|
0-0: Called Strike 0-1: Ball 1-1: Ball 2-1: SINGLE (Line Drive, 9LM) Juan Pérez to second Runner from 2nd tries for 3rd, OUT!
|
Top of the 7th over - 2 run(s), 4 hit(s), 0 error(s), 1 left on base; Otsego 13 - Trenton 3 |
BOTTOM OF THE 7TH |
Trenton Stars batting - Pitching for Otsego Bulldogs : RHP Juan Moreno
|
Pitching: LHP Esteban Santos
|
|
Batting: RHB Kenji Murayama
|
0-0: Ball 1-0: Swinging Strike 1-1: Ground out 1-3 (Groundball, 15)
|
Batting: RHB Chris Cole
|
0-0: Foul Ball, location: 2F 0-1: Fly out, F8 (Flyball, 8RM)
|
Batting: LHB Alonzo Medine
|
0-0: Ball 1-0: Fly out, F8 (Flyball, 8LXD)
|
Bottom of the 7th over - 0 run(s), 0 hit(s), 0 error(s), 0 left on base; Otsego 13 - Trenton 3 |
TOP OF THE 8TH |
Otsego Bulldogs batting - Pitching for Trenton Stars : RHP Gilberto Martínez
|
Pitching: RHP Jonathan Booker
|
|
Batting: RHB José Martínez
|
0-0: Ball 1-0: Ball 2-0: Ground out 4-3 (Groundball, 34)
|
Batting: LHB Martin Davis
|
0-0: Ground out 4-3 (Groundball, 4)
|
Batting: RHB Jim Beck
|
0-0: Called Strike 0-1: Ball 1-1: Ball 2-1: Ball 3-1: Base on Balls
|
Batting: RHB Felipe Rego
|
0-0: Called Strike 0-1: Ball 1-1: Foul Ball, location: 2F 1-2: Ball 2-2: Ball 3-2: Foul Ball, location: 2F 3-2: Base on Balls Jim Beck to second
|
Batting: LHB George Wood
|
0-0: Ball 1-0: Ball 2-0: Ball 3-0: Base on Balls Jim Beck to third Felipe Rego to second
|
Batting: RHB Cristo García
|
0-0: Ball 1-0: Ball 2-0: Ball 3-0: Called Strike 3-1: Base on Balls Jim Beck scores Felipe Rego to third George Wood to second
|
Pitching: RHP Ki-tong Shiu
|
|
Batting: LHB Mario Cornelo
|
0-0: Fielders Choice at 2nd, U6 (Groundball, 6M)
|
Top of the 8th over - 1 run(s), 0 hit(s), 0 error(s), 3 left on base; Otsego 14 - Trenton 3 |
BOTTOM OF THE 8TH |
Trenton Stars batting - Pitching for Otsego Bulldogs : LHP Esteban Santos
|
Now at SS: Kyung-bok Cho
|
|
Batting: LHB Alberto Gómez
|
0-0: Ball 1-0: Called Strike 1-1: DOUBLE (Flyball, 9D)
|
Batting: LHB Ju-wei Shiu
|
0-0: Ball 1-0: Ball 2-0: Ball 3-0: Called Strike 3-1: Foul Ball, location: 2F 3-2: Foul Ball, location: 2F 3-2: Strikes out swinging
|
Batting: RHB Rafael Canales
|
0-0: Foul Ball, location: 2F 0-1: Fly out, F8 (Flyball, 8RD) Runner from 2nd tags up, SAFE at 3rd, no throw
|
Batting: RHB Nick Bowman
|
0-0: Fly out, F5 (Line Drive, 56)
|
Bottom of the 8th over - 0 run(s), 1 hit(s), 0 error(s), 1 left on base; Otsego 14 - Trenton 3 |
TOP OF THE 9TH |
Otsego Bulldogs batting - Pitching for Trenton Stars : RHP Ki-tong Shiu
|
Batting: RHB Juan Pérez
|
0-0: Ball 1-0: Foul Ball, location: 2F 1-1: Foul Ball, location: 2F 1-2: Foul Ball, location: 2F 1-2: Fly out, F7 (Flyball, 78M)
|
Pitching: RHP Juan Aguilar
|
|
Batting: RHB Raúl Bauza
|
0-0: Fly out, F9 (Flyball, 9LMF)
|
Batting: RHB José Martínez
|
0-0: Ball 1-0: Ball 2-0: Foul Ball, location: 2F 2-1: Foul Ball, location: 2F 2-2: Strikes out looking
|
Top of the 9th over - 0 run(s), 0 hit(s), 0 error(s), 0 left on base; Otsego 14 - Trenton 3 |
|